[ PARTIDA AOE2 · #477540535 ]
1v1 RMIndostaníes vs Goths
Equipo del jugador · VICT
Equipo rival · DERR
[ ANÁLISIS DE REPETICIÓN · EXTRAÍDO DE LA PARTIDA GRABADA ]
Feudal
9:01
Castillos
23:06
Imperial
41:30
| APM promedio | 53.4 |
| APM pico | 99 |
| eAPM promedio | 28.1 |
| Aldeanos / militares | 158 / 144 |
Foco
⚔️ 36.4% · 🌾 63.6%
Hand Cannoneer ×67 · Ghulam ×40 · Skirmisher ×22 · Trebuchet (Packed) ×5 · Scout Cavalry ×4 · Cavalry Archer ×3
Feudal
9:43
Castillos
23:02
Imperial
45:55
| APM promedio | 39.2 |
| APM pico | 98 |
| eAPM promedio | 20.9 |
| Aldeanos / militares | 145 / 107 |
Foco
⚔️ 27.3% · 🌾 72.7%
Militia ×57 · Archer ×39 · Huskarl ×6 · Mangonel ×2 · Battering Ram ×2 · Trebuchet (Packed) ×1
Mapa de la partida
Recursos iniciales + cada clic de construcción. Líneas = muros · curvas = relieve. ◆ oro · ⬟ piedra · ● bayas · ✦ reliquia · ◌ hueco del cierre
Tu base· ✓ Cerrada en 23:06 · 17t muro · sin puerta
Base de Přemysl Opik II· ✓ Cerrada en 23:02 · 47t muro · 1 puerta(s)
Terreno inicial suavizado · ◌ = hueco del cierre detectado · pasá el cursor para detalles
Inputs por minuto
— vasko4440 - - Přemysl Opik II
Build order — vasko4440
Primeras 150 de 439 acciones detectadas
| 0:01 | Crear | Villager (Male) |
| 0:01 | Crear | Villager (Male) |
| 0:02 | Construir | House |
| 0:04 | Construir | House |
| 1:00 | Crear | Villager (Male) |
| 1:07 | Crear | Villager (Male) |
| 1:22 | Crear | Villager (Male) |
| 1:40 | Crear | Villager (Male) |
| 1:54 | Crear | Villager (Male) |
| 2:09 | Construir | Lumber Camp |
| 2:34 | Crear | Villager (Male) |
| 2:57 | Crear | Villager (Male) |
| 3:06 | Crear | Villager (Male) |
| 4:06 | Construir | House |
| 4:19 | Crear | Villager (Male) |
| 4:42 | Crear | Villager (Male) |
| 4:45 | Crear | Villager (Male) |
| 4:53 | Construir | Mill |
| 5:24 | Crear | Villager (Male) |
| 5:40 | Crear | Villager (Male) |
| 6:05 | Investigar | Loom |
| 6:49 | Investigar | Feudal Age |
| 7:49 | Crear | Villager (Male) |
| 7:53 | Construir | House |
| 8:15 | Construir | Barracks |
| 9:01 | Edad | Edad Feudal |
| 9:10 | Construir | Stable |
| 9:38 | Investigar | Double-Bit Axe |
| 9:39 | Investigar | Double-Bit Axe |
| 9:49 | Crear | Villager (Male) |
| 9:49 | Crear | Villager (Male) |
| 10:14 | Construir | House |
| 10:21 | Construir | House |
| 10:22 | Construir | Palisade Wall |
| 10:23 | Crear | Villager (Male) |
| 10:30 | Crear | Scout Cavalry |
| 10:30 | Crear | Scout Cavalry |
| 10:35 | Construir | Farm |
| 10:36 | Construir | Farm |
| 10:36 | Construir | Farm |
| 10:41 | Crear | Villager (Male) |
| 10:52 | Construir | House |
| 10:53 | Construir | Palisade Wall |
| 10:58 | Crear | Villager (Male) |
| 11:00 | Construir | Farm |
| 11:08 | Crear | Villager (Male) |
| 11:16 | Construir | House |
| 11:18 | Construir | Palisade Wall |
| 11:25 | Crear | Villager (Male) |
| 11:31 | Crear | Scout Cavalry |
| 11:36 | Construir | House |
| 11:38 | Construir | Palisade Wall |
| 11:51 | Construir | Farm |
| 12:03 | Construir | Farm |
| 12:06 | Crear | Villager (Male) |
| 12:11 | Crear | Villager (Male) |
| 12:22 | Crear | Villager (Male) |
| 12:24 | Construir | Farm |
| 12:31 | Crear | Villager (Male) |
| 12:33 | Construir | House |
| 12:45 | Construir | Mining Camp |
| 13:35 | Construir | Palisade Wall |
| 13:36 | Crear | Villager (Male) |
| 13:43 | Construir | Farm |
| 13:44 | Construir | Farm |
| 13:45 | Crear | Villager (Male) |
| 13:53 | Crear | Villager (Male) |
| 14:20 | Construir | Palisade Wall |
| 14:23 | Construir | Palisade Wall |
| 14:25 | Construir | Palisade Wall |
| 14:28 | Construir | House |
| 14:41 | Investigar | Town Watch |
| 14:46 | Construir | Farm |
| 14:50 | Crear | Villager (Male) |
| 14:52 | Construir | Farm |
| 15:26 | Construir | House |
| 15:26 | Crear | Villager (Male) |
| 15:54 | Construir | House |
| 16:05 | Crear | Villager (Male) |
| 16:12 | Construir | Palisade Wall |
| 16:19 | Construir | Farm |
| 16:27 | Construir | Market |
| 16:31 | Construir | Palisade Wall |
| 16:37 | Construir | House |
| 16:40 | Crear | Villager (Male) |
| 16:43 | Construir | Archery Range |
| 16:55 | Crear | Villager (Male) |
| 16:58 | Construir | Farm |
| 16:58 | Construir | Farm |
| 16:58 | Construir | Farm |
| 17:27 | Crear | Villager (Male) |
| 17:29 | Construir | Farm |
| 17:35 | Crear | Villager (Male) |
| 17:38 | Crear | Skirmisher |
| 17:38 | Crear | Skirmisher |
| 17:43 | Crear | Villager (Male) |
| 17:50 | Construir | Farm |
| 17:54 | Crear | Villager (Male) |
| 18:19 | Crear | Skirmisher |
| 18:49 | Crear | Villager (Male) |
| 19:13 | Construir | House |
| 19:20 | Crear | Villager (Male) |
| 19:23 | Construir | Farm |
| 19:56 | Construir | Blacksmith |
| 19:57 | Crear | Villager (Male) |
| 20:07 | Investigar | Castle Age |
| 20:08 | Investigar | Castle Age |
| 20:10 | Crear | Skirmisher |
| 20:14 | Construir | Farm |
| 20:25 | Construir | House |
| 20:47 | Construir | House |
| 20:50 | Investigar | Fletching |
| 20:51 | Investigar | Padded Archer Armor |
| 20:51 | Investigar | Padded Archer Armor |
| 21:07 | Construir | Farm |
| 21:07 | Construir | Farm |
| 21:11 | Construir | Farm |
| 21:11 | Construir | Farm |
| 21:17 | Investigar | Bloodlines |
| 21:17 | Investigar | Bloodlines |
| 21:27 | Construir | House |
| 21:34 | Investigar | Padded Archer Armor |
| 21:43 | Crear | Villager (Male) |
| 21:45 | Crear | Villager (Male) |
| 21:48 | Crear | Skirmisher |
| 21:48 | Crear | Skirmisher |
| 22:02 | Investigar | Scale Barding Armor |
| 22:02 | Investigar | Scale Barding Armor |
| 22:03 | Crear | Villager (Male) |
| 22:05 | Construir | Stable |
| 22:06 | Crear | Villager (Male) |
| 22:12 | Crear | Skirmisher |
| 22:13 | Crear | Skirmisher |
| 22:17 | Crear | Villager (Male) |
| 22:28 | Investigar | Forging |
| 22:39 | Crear | Villager (Male) |
| 22:53 | Construir | Farm |
| 22:53 | Construir | Farm |
| 22:55 | Investigar | Horse Collar |
| 22:55 | Investigar | Horse Collar |
| 23:03 | Crear | Skirmisher |
| 23:06 | Edad | Edad de los Castillos |
| 23:42 | Construir | Town Center |
| 23:46 | Investigar | Bodkin Arrow |
| 23:46 | Investigar | Bodkin Arrow |
| 24:03 | Investigar | Elite Skirmisher (upgrade) |
| 24:08 | Crear | Villager (Male) |
| 24:12 | Crear | Villager (Male) |
| 24:16 | Crear | Villager (Male) |
| 24:24 | Crear | Villager (Male) |
Build order — Přemysl Opik II
Primeras 150 de 408 acciones detectadas
| 0:00 | Crear | Villager (Male) |
| 0:00 | Crear | Villager (Male) |
| 0:01 | Crear | Villager (Male) |
| 0:01 | Crear | Villager (Male) |
| 0:02 | Construir | House |
| 0:04 | Construir | House |
| 1:26 | Crear | Villager (Male) |
| 1:44 | Construir | Lumber Camp |
| 1:52 | Crear | Villager (Male) |
| 1:53 | Crear | Villager (Male) |
| 2:23 | Crear | Villager (Male) |
| 2:51 | Crear | Villager (Male) |
| 2:52 | Crear | Villager (Male) |
| 3:00 | Crear | Villager (Male) |
| 3:35 | Construir | House |
| 3:36 | Crear | Villager (Male) |
| 4:09 | Crear | Villager (Male) |
| 4:19 | Crear | Villager (Male) |
| 4:46 | Crear | Villager (Male) |
| 5:11 | Crear | Villager (Male) |
| 5:37 | Crear | Villager (Male) |
| 6:08 | Investigar | Loom |
| 6:44 | Construir | Barracks |
| 6:44 | Crear | Villager (Male) |
| 7:33 | Investigar | Feudal Age |
| 7:35 | Construir | House |
| 7:39 | Crear | Militia |
| 7:39 | Crear | Militia |
| 7:46 | Construir | Lumber Camp |
| 8:00 | Construir | House |
| 8:25 | Crear | Militia |
| 8:34 | Construir | Palisade Wall |
| 8:36 | Construir | Palisade Wall |
| 9:06 | Construir | Mining Camp |
| 9:28 | Crear | Villager (Male) |
| 9:43 | Edad | Edad Feudal |
| 9:48 | Construir | Mill |
| 10:04 | Construir | Palisade Wall |
| 10:12 | Crear | Villager (Male) |
| 10:13 | Crear | Villager (Male) |
| 10:21 | Construir | House |
| 10:34 | Construir | Farm |
| 10:43 | Crear | Villager (Male) |
| 10:48 | Construir | Farm |
| 10:57 | Crear | Villager (Male) |
| 11:20 | Construir | Archery Range |
| 11:35 | Investigar | Man-at-Arms (upgrade) |
| 11:46 | Crear | Villager (Male) |
| 12:05 | Crear | Villager (Male) |
| 12:18 | Crear | Villager (Male) |
| 12:22 | Crear | Archer |
| 12:22 | Crear | Archer |
| 12:26 | Construir | House |
| 12:29 | Construir | Palisade Wall |
| 12:34 | Construir | Palisade Wall |
| 12:39 | Construir | Palisade Wall |
| 12:40 | Construir | Palisade Wall |
| 12:49 | Crear | Villager (Male) |
| 12:55 | Crear | Villager (Male) |
| 13:25 | Crear | Archer |
| 13:25 | Crear | Archer |
| 13:38 | Construir | Palisade Gate |
| 13:57 | Construir | Palisade Wall |
| 13:58 | Construir | Palisade Wall |
| 14:01 | Crear | Villager (Male) |
| 14:05 | Construir | Farm |
| 14:07 | Construir | Farm |
| 14:10 | Construir | Farm |
| 14:12 | Construir | Farm |
| 14:28 | Crear | Villager (Male) |
| 14:38 | Crear | Archer |
| 14:47 | Crear | Villager (Male) |
| 14:51 | Construir | House |
| 14:53 | Construir | Palisade Wall |
| 14:58 | Construir | Farm |
| 15:02 | Construir | Farm |
| 15:17 | Crear | Villager (Male) |
| 15:19 | Crear | Archer |
| 15:20 | Crear | Archer |
| 16:01 | Crear | Villager (Male) |
| 16:02 | Crear | Villager (Male) |
| 16:06 | Crear | Archer |
| 16:07 | Crear | Archer |
| 16:24 | Construir | Farm |
| 16:32 | Crear | Villager (Male) |
| 16:36 | Crear | Archer |
| 16:59 | Crear | Villager (Male) |
| 17:03 | Construir | Blacksmith |
| 17:25 | Crear | Villager (Male) |
| 17:28 | Construir | Farm |
| 17:30 | Construir | Farm |
| 17:49 | Construir | House |
| 17:50 | Crear | Villager (Male) |
| 17:54 | Construir | Farm |
| 17:57 | Construir | Farm |
| 17:59 | Investigar | Double-Bit Axe |
| 18:21 | Crear | Villager (Male) |
| 18:26 | Construir | House |
| 18:27 | Construir | House |
| 18:34 | Construir | Palisade Wall |
| 19:02 | Crear | Villager (Male) |
| 19:05 | Construir | Farm |
| 19:07 | Construir | Farm |
| 19:11 | Construir | Farm |
| 19:28 | Construir | Farm |
| 19:57 | Crear | Villager (Male) |
| 19:57 | Crear | Villager (Male) |
| 20:01 | Construir | House |
| 20:10 | Investigar | Castle Age |
| 20:26 | Crear | Archer |
| 20:32 | Crear | Villager (Male) |
| 20:58 | Investigar | Fletching |
| 21:00 | Crear | Archer |
| 21:05 | Construir | Archery Range |
| 21:11 | Crear | Militia |
| 21:11 | Crear | Militia |
| 21:26 | Crear | Archer |
| 21:31 | Construir | Farm |
| 21:35 | Construir | Farm |
| 21:50 | Crear | Archer |
| 21:50 | Crear | Archer |
| 22:05 | Crear | Archer |
| 22:05 | Crear | Archer |
| 22:13 | Construir | House |
| 22:14 | Construir | House |
| 22:22 | Investigar | Padded Archer Armor |
| 22:26 | Crear | Militia |
| 22:27 | Crear | Militia |
| 22:47 | Construir | House |
| 22:49 | Construir | Palisade Wall |
| 22:50 | Construir | Palisade Wall |
| 22:56 | Crear | Archer |
| 22:57 | Crear | Archer |
| 23:02 | Edad | Edad de los Castillos |
| 23:14 | Investigar | Crossbowman (upgrade) |
| 23:22 | Crear | Villager (Male) |
| 23:22 | Crear | Villager (Male) |
| 23:25 | Construir | Farm |
| 23:25 | Construir | Farm |
| 23:32 | Crear | Villager (Male) |
| 23:39 | Investigar | Bodkin Arrow |
| 23:48 | Crear | Militia |
| 23:48 | Crear | Militia |
| 24:10 | Crear | Archer |
| 24:10 | Crear | Archer |
| 24:24 | Crear | Villager (Male) |
| 24:26 | Crear | Archer |
| 24:26 | Crear | Archer |
| 24:41 | Investigar | Scale Mail Armor |
| 24:51 | Investigar | Forging |
Cronología de la partida
| 6:44 | Přemysl Opik II · first_building Barracks |
| 8:15 | vasko4440 · first_building Barracks |
| 8:34 | Přemysl Opik II · wall_segment Palisade Wall x3 |
| 8:36 | Přemysl Opik II · wall_segment Palisade Wall x9 |
| 9:01 | vasko4440 · age_up feudal |
| 9:10 | vasko4440 · first_building Stable |
| 9:43 | Přemysl Opik II · age_up feudal |
| 10:04 | Přemysl Opik II · wall_segment Palisade Wall x1 |
| 10:22 | vasko4440 · wall_segment Palisade Wall x2 |
| 10:53 | vasko4440 · wall_segment Palisade Wall x2 |
| 11:18 | vasko4440 · wall_segment Palisade Wall x2 |
| 11:20 | Přemysl Opik II · first_building Archery Range |
| 11:38 | vasko4440 · wall_segment Palisade Wall x7 |
| 12:29 | Přemysl Opik II · wall_segment Palisade Wall x1 |
| 12:34 | Přemysl Opik II · wall_segment Palisade Wall x1 |
| 12:39 | Přemysl Opik II · wall_segment Palisade Wall x1 |
| 12:40 | Přemysl Opik II · wall_segment Palisade Wall x1 |
| 13:35 | vasko4440 · wall_segment Palisade Wall x1 |
| 13:57 | Přemysl Opik II · wall_segment Palisade Wall x1 |
| 13:58 | Přemysl Opik II · wall_segment Palisade Wall x1 |
| 14:20 | vasko4440 · wall_segment Palisade Wall x1 |
| 14:23 | vasko4440 · wall_segment Palisade Wall x1 |
| 14:25 | vasko4440 · wall_segment Palisade Wall x1 |
| 14:53 | Přemysl Opik II · wall_segment Palisade Wall x12 |
| 16:12 | vasko4440 · wall_segment Palisade Wall x1 |
| 16:31 | vasko4440 · wall_segment Palisade Wall x1 |
| 16:43 | vasko4440 · first_building Archery Range |
| 18:34 | Přemysl Opik II · wall_segment Palisade Wall x10 |
| 22:27 | vasko4440 · first_market_buy 100 food |
| 22:49 | Přemysl Opik II · wall_segment Palisade Wall x5 |
| 22:50 | Přemysl Opik II · wall_segment Palisade Wall x1 |
| 23:02 | Přemysl Opik II · age_up castle |
| 23:06 | vasko4440 · age_up castle |
| 28:18 | Přemysl Opik II · first_building Siege Workshop |
| 28:42 | vasko4440 · first_building Castle |
| 33:58 | Přemysl Opik II · wall_segment Palisade Wall x1 |
| 35:35 | Přemysl Opik II · first_building Stable |
| 35:55 | vasko4440 · first_building Siege Workshop |
| 36:00 | Přemysl Opik II · first_building Castle |
| 37:14 | Přemysl Opik II · wall_segment Palisade Wall x1 |
| 38:10 | Přemysl Opik II · wall_segment Palisade Wall x1 |
| 38:13 | vasko4440 · first_market_sell 100 stone |
| 38:13 | Přemysl Opik II · wall_segment Palisade Wall x1 |
| 38:16 | Přemysl Opik II · wall_segment Palisade Wall x1 |
| 38:19 | Přemysl Opik II · wall_segment Palisade Wall x1 |
| 38:21 | Přemysl Opik II · wall_segment Palisade Wall x1 |
| 38:24 | Přemysl Opik II · wall_segment Palisade Wall x1 |
| 41:03 | Přemysl Opik II · first_building Monastery |
| 41:30 | vasko4440 · age_up imperial |
| 43:12 | Přemysl Opik II · wall_segment Palisade Wall x1 |
| 44:20 | Přemysl Opik II · wall_segment Palisade Wall x1 |
| 45:46 | vasko4440 · first_building Monastery |
| 45:55 | Přemysl Opik II · age_up imperial |
| 48:55 | Přemysl Opik II · resign |
[ ANÁLISIS IA · 1 CRÉDITO ]
¿Qué pasó realmente en esta partida?
Wolo.gg analiza cada decisión: build order, eco, micro, errores típicos por bracket. Análisis personalizado por WhatsApp o Discord en 30 segundos.
Guía civ
Indostaníes
Guía mapa
Arabia
Perfil
Jugador #4564483